[Event "ChessKid Cup Div-II 2023"]
[Site "Online"]
[Date "2023.05.23"]
[Round "51.2"]
[White "Bharath Subramaniyam H"]
[Black "Andreikin, Dmitry"]
[Result "1/2-1/2"]
[ECO "A48"]
[WhiteElo "2517"]
[BlackElo "2729"]
[Annotator "TA"]
[PlyCount "115"]
[EventDate "2023.05.21"]
[EventType "k.o."]
[EventCountry "NET"]
[SourceTitle "playchess.com"]
[Source "ChessBase"]
[SourceQuality "1"]
[TimeControl "900+3"]

1. d4 Nf6 2. Bf4 c5 3. e3 g6 4. Nf3 Bg7 5. Be2 d6 6. h3 {[%emt 0:00:07] A48: 1 d4 Nf6 2 Nf3 g6: Torre, London and Colle Systems.} Qb6 7. Qc1 Nd5 8. Bh2 {[%emt 0:00:51] White has an edge.} cxd4 9. exd4 Nc6 10. c3 Bf5 11. Na3 Rc8 {[%emt 0:00:57][%cal Rc6d4] [#] Threatens to win with ...Nxd4!} 12. Nc4 Qd8 13. O-O O-O {[%emt 0:00:02] [#]} 14. a4 $146 ({Predecessor:} 14. Qd2 a6 15. Rfe1 b5 16. Ne3 Bh6 17. Bd1 Na5 18. Bb3 Nc4 19. Bxc4 bxc4 20. Qd1 Nxe3 21. fxe3 {0-1 Avron,D (2036)-Gharamian,T (2239) Bethune op-A 23th 2002 (4)}) 14... Nb6 15. Ne3 Be6 16. Qd1 {[%emt 0:01:15] d5 would be deadly.} (16. a5 $5 Nd5 $8 17. Nc4 $11) 16... Na5 17. Ra3 Nbc4 18. Nxc4 Nxc4 19. Rb3 (19. d5 $5 Bd7 20. Bxc4 Rxc4 21. Nd2 $11) 19... Bd5 (19... Na5 $5 20. Rb4 Bd5 $11) 20. Rb5 e6 21. Nd2 $1 a6 22. Rb4 (22. Nxc4 $5 axb5 23. Nxd6 $11) 22... Na5 (22... Qg5 {seems wilder.} 23. Nf3 Qe7 24. Nd2 Na5) 23. Bf3 Bxf3 24. Qxf3 d5 25. Nb3 Nxb3 26. Rxb3 Qd7 27. a5 Rc4 28. Qg3 Rd8 29. Rb6 Bf8 30. Qg5 Be7 31. Qh6 Bf8 32. Qg5 Be7 33. Qh6 Ra4 34. Be5 f6 35. Bg3 Re8 36. Re1 Bf8 (36... Bd8 $1 $11 37. Rd6 Qf7) 37. Qf4 $1 $14 {[%emt 0:00:08] White is much more active.} Kf7 (37... Rxa5 $14 38. Qxf6 Rb5 39. Rxb5 (39. Rbxe6 Rxe6 40. Rxe6 Bg7 $11) (39. Be5 Bg7 $15) 39... axb5) 38. Qc7 $2 ({White should play} 38. b4 $16) 38... Qxc7 $11 39. Bxc7 Rxa5 40. Rxb7 Re7 41. Bxa5 Rxb7 {[%emt 0:00:00][%mdl 4096] Endgame KRB-KRB} 42. Rb1 {[%emt 0:00:03] [#]} (42. b4 $11 {remains equal.}) 42... Bd6 ({Black should try} 42... Rb3 $1 $17 43. Kf1 Ba3) 43. Kf1 e5 44. dxe5 {[%emt 0:00:10] The position is equal.} Bxe5 45. Bb4 $1 d4 {[%emt 0:00:01] Strongly threatening ...dxc3.} 46. Ra1 dxc3 47. Bxc3 Bxc3 48. bxc3 {[%emt 0:00:00] KR-KR} Rb3 49. Rxa6 Rxc3 50. Ra7+ Kg8 51. g3 Rb3 52. Kg2 Rc3 53. Rb7 Ra3 54. Rc7 Rb3 55. Rd7 Ra3 56. Rc7 Rb3 57. Rd7 Ra3 58. Rc7 {[%emt 0:00:00] Weighted Error Value: White=0.14 (very precise) /Black=0.11 (very precise)} 1/2-1/2

[Event "ChessKid Cup Div-II 2023"]
[Site "Online"]
[Date "2023.05.23"]
[Round "51.3"]
[White "Bharath Subramaniyam H"]
[Black "Andreikin, Dmitry"]
[Result "0-1"]
[ECO "A45"]
[WhiteElo "2517"]
[BlackElo "2729"]
[Annotator "TA"]
[PlyCount "86"]
[EventDate "2023.05.21"]
[EventType "k.o."]
[EventCountry "NET"]
[SourceTitle "playchess.com"]
[Source "ChessBase"]
[SourceQuality "1"]
[TimeControl "900+3"]

1. d4 Nf6 2. Bf4 c5 3. d5 g6 4. Nc3 d6 5. e4 Bg7 6. Bb5+ {[%emt 0:00:12] A45: Trompowsky Attack.} Bd7 {[%emt 0:00:14] ...Bxb5 would be deadly.} 7. a4 O-O 8. Nf3 {[%emt 0:00:05] White has an edge.} Na6 9. O-O Nc7 10. Bc4 Bg4 (10... a6 $11 {keeps the balance.}) 11. h3 $16 Bxf3 12. Qxf3 Nd7 13. Qe2 {[%emt 0:00:04] [#] Black is weak on the light squares} Rb8 $146 ({Predecessor:} 13... b6 14. Bg3 a6 15. Kh1 Ne5 16. Bxe5 Bxe5 17. f4 Bg7 18. e5 b5 19. axb5 axb5 20. Nxb5 Nxb5 21. Rxa8 Qxa8 22. Bxb5 Qxd5 {1-0 Chan,Y (2316)-Barbosa,E (2509) Titled Tuesday intern op 18th Aug blitz 2020 (9)}) 14. Bg3 a6 15. f4 (15. a5 $14) 15... b5 $15 16. axb5 (16. Ba2 $1 $11) 16... Bxc3 $1 $17 17. bxc3 axb5 18. Ba2 {[%emt 0:00:07] [#]} c4 $1 19. Bb1 {[%emt 0:00:31] [#]} (19. Rad1 $17 {was worth a try.}) 19... Ra8 (19... f5 $1 $19 20. Bh4 fxe4 21. Qxe4 Nf6 22. Bxf6 exf6) 20. Rxa8 Qxa8 21. f5 Ne8 22. Bf2 Nef6 {[%emt 0:00:14] Inhibits Qg4.} 23. Bd4 Ne5 24. Qe3 Kg7 {[%emt 0:00:21] Black is more active.} 25. Qf4 Nfd7 26. g4 (26. fxg6 fxg6 27. Qg3 Rxf1+ 28. Kxf1 Qa1) (26. Be3 $17) 26... f6 $19 ({Not} 26... Kg8 27. Kf2 $15) 27. h4 (27. Be3 g5 28. Qf2 Qa3) 27... Qe8 28. Kg2 gxf5 29. exf5 Qf7 30. g5 $2 (30. Qe4) 30... Qxd5+ 31. Kh3 Kf7 32. Be3 Nc5 33. Qd4 {[%emt 0:00:30] Against Ne4} Qe4 34. Kg3 Rg8 35. Ba2 Ra8 36. Bb1 Rg8 $2 ({But not} 36... fxg5 $2 37. hxg5 Ra3 38. Kh3 $19) (36... Ra1 $19 37. Kh3 fxg5 38. hxg5 Ra3 39. Qxe4 Nxe4) 37. Kh3 $2 (37. Ba2 $1 $11 {and White stays safe.} Qa8 38. Bf4) 37... Ra8 $2 (37... Kf8 $19 38. Qxe4 Nxe4) 38. h5 $2 (38. Kg3 $11 Ra3 39. gxf6) 38... fxg5 39. f6 g4+ 40. Kg3 exf6 41. Qd2 {[%emt 0:02:04] [#]} Qf3+ $3 42. Rxf3 Ne4+ {[%emt 0:00:04][%mdl 64] Deflection, Double Attack. Excellent horsemanship.} 43. Kh4 Nxf3+ {[%emt 0:00:04] An interesting game.   Weighted Error Value: White=0.96/Black=0.62} 0-1

[Event "ChessKid Cup Div-II 2023"]
[Site "Online"]
[Date "2023.05.24"]
[Round "52.1"]
[White "Le, Quang Liem"]
[Black "Meier, Georg"]
[Result "1-0"]
[ECO "D37"]
[WhiteElo "2728"]
[BlackElo "2614"]
[Annotator "TA"]
[PlyCount "93"]
[EventDate "2023.05.21"]
[EventType "k.o."]
[EventCountry "NET"]
[SourceTitle "playchess.com"]
[Source "ChessBase"]
[SourceQuality "1"]
[TimeControl "900+3"]

1. d4 e6 2. Nf3 Nf6 3. c4 d5 4. Nc3 Be7 5. Bf4 O-O 6. e3 Nbd7 7. c5 c6 8. Bd3 b6 9. b4 {[%emt 0:00:01] D37: Queen's Gambit Declined: 5 Bf4.} a5 10. a3 Ba6 {[%emt 0:00:01] aiming for ...Bxd3.} 11. O-O {[%emt 0:00:02] The position is equal.} Qc8 12. h3 Qb7 13. Rb1 axb4 14. axb4 Bxd3 15. Qxd3 Ra3 16. Qc2 {[%emt 0:00:06] Repels Ne4} Rfa8 17. Rfc1 h6 18. Rb2 Ra1 19. Nd2 Bd8 {[%emt 0:00:12] [#]} 20. Nb3 $146 ({Predecessor:} 20. Rxa1 Rxa1+ 21. Rb1 {½-½ Martinovic,S (2483)-Prohaszka,P (2511) Mitropa Cup 28th 2009 (3)}) 20... Rxc1+ 21. Qxc1 Bc7 22. Bxc7 Qxc7 23. cxb6 Qxb6 24. Na5 e5 25. Ne2 exd4 26. exd4 Ra6 27. Qb1 Qb5 28. Nc3 Qb8 29. Na4 Qb5 30. Qc2 g6 31. Nc3 Qb6 32. Qd2 Kg7 33. Rb1 Ra8 34. Qd3 Ne8 35. Na4 Qb5 36. Qxb5 cxb5 37. Nc5 Nb6 38. Re1 Kf8 39. g4 Nd6 40. Nc6 Rc8 41. Ne5 Kg7 42. Ra1 Ra8 43. Ra5 f6 $2 {[%emt 0:00:16][%mdl 8192] [#] Loses the game.} (43... Re8 $11 {and Black has nothing to worry.}) 44. Ne6+ $1 $18 Kh7 {[%emt 0:00:01] [#]} (44... Kg8 $142) 45. Nd7 $1 {[%emt 0:00:01][%mdl 576] Deflection} Rxa5 (45... Ndc4 46. Nxf6+) 46. Nxf6+ (46. Nxb6 $2 {is the wrong capture.} Ra2 47. f3 Re2 $19) 46... Kh8 47. bxa5 {[%emt 0:00:01] Weighted Error Value: White=0.01 (flawless) /Black=0.19 (very precise)} 1-0

[Event "ChessKid Cup Div-II 2023"]
[Site "Online"]
[Date "2023.05.24"]
[Round "52.1"]
[White "Eljanov, Pavel"]
[Black "Mamedyarov, Shakhriyar"]
[Result "1/2-1/2"]
[ECO "C47"]
[WhiteElo "2705"]
[BlackElo "2738"]
[Annotator "TA"]
[PlyCount "109"]
[EventDate "2023.05.21"]
[EventType "k.o."]
[EventCountry "NET"]
[SourceTitle "playchess.com"]
[Source "ChessBase"]
[SourceQuality "1"]
[TimeControl "900+3"]

1. e4 e5 2. Nf3 Nc6 3. Nc3 Nf6 4. d4 exd4 5. Nxd4 Bb4 6. Nxc6 bxc6 7. Bd3 d5 8. exd5 cxd5 9. O-O O-O {[%emt 0:00:02] The position is equal.} 10. h3 {[%emt 0:00:01] C47: Scotch Four Knights and Four Knights with 4 g3.} c6 11. Qf3 Re8 12. Bf4 Bd6 13. Rfe1 Bxf4 14. Qxf4 Be6 15. Na4 {[%emt 0:00:59] [#]} Qa5 $146 ({Predecessor:} 15... a5 16. c3 Qb8 17. Qd4 Nd7 18. Re3 Qd6 19. Rae1 c5 20. Qh4 Nf8 21. c4 d4 {1-0 Seyfried,C (2176)-Schwing,H (2261) GER Cup Wiesbaden-Niedernhausen 2015 (2.6)}) 16. b3 c5 17. c4 dxc4 18. Bxc4 Bxc4 19. Rxe8+ Rxe8 20. Qxc4 Re1+ 21. Rxe1 Qxe1+ $11 {[%emt 0:00:00][%mdl 4096] Endgame KQN-KQN} 22. Qf1 Qd2 23. Nxc5 Qxa2 24. Qe1 h5 25. Qe5 a5 26. Qd4 Qb1+ 27. Kh2 Qc2 28. g3 Qf5 29. Kg2 g6 30. Nb7 Ne4 {[%emt 0:00:28] [#] Threatens to win with ...Ng5.} 31. Nd6 Nxd6 32. Qxd6 {[%emt 0:00:01] KQ-KQ} Qe4+ 33. Kg1 Kh7 {[%emt 0:00:14] Hoping for ...Qb1+.} 34. Qc7 Qe1+ 35. Kg2 Qe4+ 36. Kg1 Qd5 37. h4 Kg7 38. Qc3+ Kf8 39. Qc7 Qd1+ 40. Kg2 Qd5+ 41. Kg1 Qd2 42. Qc8+ Kg7 {[%emt 0:00:02] [#] ...Qd1+ is the strong threat.} 43. Qc4 Kf8 44. Qc8+ Ke7 45. Qc7+ Ke6 46. Qc6+ Qd6 47. Qe4+ Qe5 48. Qc6+ Ke7 49. Qb7+ Kf6 50. Qc6+ Kg7 51. Qc4 Qe1+ 52. Kg2 Qe5 53. Kg1 Qe1+ 54. Kg2 Qe5 55. Kg1 {[%emt 0:00:01] An interesting draw.   Weighted Error Value: White=0.01 (flawless) /Black=0.01 (flawless)} 1/2-1/2

[Event "ChessKid Cup Div-II 2023"]
[Site "Online"]
[Date "2023.05.24"]
[Round "52.1"]
[White "Anton Guijarro, David"]
[Black "Le, Tuan Minh"]
[Result "0-1"]
[ECO "B51"]
[WhiteElo "2690"]
[BlackElo "2542"]
[Annotator "TA"]
[PlyCount "70"]
[EventDate "2023.05.21"]
[EventType "k.o."]
[EventCountry "NET"]
[SourceTitle "playchess.com"]
[Source "ChessBase"]
[SourceQuality "1"]
[TimeControl "900+3"]

1. e4 c5 2. Nf3 d6 3. Bb5+ Nd7 4. c3 Ngf6 5. Bd3 g6 6. O-O {[%emt 0:00:03] B51: Sicilian: Moscow Variation (3 Bb5+) without 3...Bd7.} Bg7 7. Re1 O-O 8. Bf1 {[%emt 0:00:03] The position is equal.} Ne5 9. Nxe5 dxe5 {[%emt 0:00:00] [#]} 10. a4 $146 ({Predecessor:} 10. Qc2 Ne8 11. d3 a5 12. Be3 Qc7 13. b3 b6 14. f3 Nd6 15. c4 Nb7 16. a3 {0-1 Stoyanov,N-Dimitrov,D (2272) BUL Cup2020 email}) 10... Be6 11. d3 Qc7 12. Be3 Rfd8 13. Qc2 b6 14. Na3 Nd7 15. Rec1 Rac8 16. Qb1 (16. a5 $5) 16... Qb7 17. b4 cxb4 18. cxb4 Nf6 19. f3 Nh5 20. g3 Qd7 21. Rxc8 Rxc8 22. Nc4 f5 {[%emt 0:00:31] [#]} 23. Bf2 (23. b5 $1 $16) 23... Rf8 24. Qb2 ({White should try} 24. Be2 $14) 24... fxe4 $11 25. fxe4 Nf6 $1 {[%emt 0:00:19] Threatens to win with ...Ng4.} 26. Be2 (26. Qxe5 $2 {too greedy.} Ng4 27. Qb5 Qxb5 28. axb5 Bxa1 $19) (26. a5 $11) 26... Bxc4 $15 27. dxc4 Nxe4 28. Rd1 Qh3 {[%emt 0:00:56] Black is more active.} 29. Be1 Bh6 {[%emt 0:00:31] White is weak on the dark squares} ({Better is} 29... Ng5 $15 30. Qd2 Qf5) 30. Qb3 $11 (30. Qxe5 {leads to mate.} Be3+) 30... e6 {[%emt 0:00:49] [#]} (30... Nf6 {simplifies} 31. Bf2 e6 32. Rf1 Ne4) 31. c5 $1 bxc5 $40 {[%emt 0:00:19][%mdl 128] Black mounts an attack.} (31... Qf5 32. g4) 32. bxc5 (32. Rd3 $1 $11) 32... Nxc5 $15 33. Qa3 Ne4 34. Rd7 $2 (34. Bb4 $15 Rb8 35. Bc5) 34... Nf6 $19 {[%emt 0:00:29] Hoping for ...Be3+.} 35. Rd1 Ng4 {[%emt 0:00:10] Weighted Error Value: White=0.52/Black=0.14 (very precise)} 0-1

[Event "ChessKid Cup Div-II 2023"]
[Site "Online"]
[Date "2023.05.24"]
[Round "52.1"]
[White "Alekseenko, Kirill"]
[Black "Andreikin, Dmitry"]
[Result "0-1"]
[ECO "B41"]
[WhiteElo "2686"]
[BlackElo "2729"]
[Annotator "TA"]
[PlyCount "66"]
[EventDate "2023.05.21"]
[EventType "k.o."]
[EventCountry "NET"]
[SourceTitle "playchess.com"]
[Source "ChessBase"]
[SourceQuality "1"]
[TimeControl "900+3"]

1. e4 c5 2. Nf3 e6 3. d4 cxd4 4. Nxd4 a6 5. a3 Nf6 6. Nc3 {[%emt 0:00:11] B41: Sicilian: Kan Variation: 5 c4.} d6 7. g4 {[%emt 0:00:23] 7.f3 is a critical line.} h6 8. Bg2 {[%emt 0:00:13] The position is equal.} Be7 9. Be3 {[%emt 0:00:17] [#]} (9. h4 $5 ) 9... Bd7 $146 (9... Nc6 $1 $11 {keeps the balance.}) ({Predecessor:} 9... Qc7 10. h4 Nfd7 11. Qe2 Nc6 12. O-O-O Rb8 13. f4 b5 14. g5 hxg5 15. hxg5 Rxh1 16. Rxh1 {1-0 Nielsen,P (2645)-Mager,D (2224) Bundesliga 1617 2016 (13.8)}) 10. Qe2 (10. h4 $5 ) 10... Nc6 11. Nxc6 bxc6 12. f4 Rb8 13. O-O-O (13. Qxa6 Rxb2 14. O-O-O Rb8 $17) 13... Qa5 14. g5 (14. Bf3 $5) 14... hxg5 15. fxg5 Nh5 16. Rhf1 (16. Bf3 $11 g6 17. Bxh5 Rxh5 18. h4) 16... e5 $1 $15 17. Qc4 {[%emt 0:00:32] [#]} (17. Qf3 Nf4 18. Rd2 Rh4 $17) 17... Nf4 $1 {[%emt 0:01:34] And now ...Be6 would win.} 18. Bxf4 (18. Rf2 Rxh2) 18... exf4 19. e5 d5 (19... Qxe5 $6 20. Bxc6 Bxc6 21. Qxc6+ Kf8 22. Qc7 $14 (22. Qxa6 Qe3+ 23. Rd2 Rxh2 $17)) (19... f3 $1 $17 20. Rxf3 Qxe5) 20. Nxd5 $2 cxd5 $19 (20... Bxg5 21. Nxf4 Qb5 22. Qc3 $15) 21. Bxd5 {[%emt 0:00:03] [#]} (21. Qxf4 $142 Be6 22. Rf3) 21... Bxa3 $1 22. Bxf7+ Kf8 23. Rxd7 Bxb2+ (23... Rxb2 $2 24. Qc8+) 24. Kd1 Rxh2 (24... Qxe5 25. Bg6) 25. Qa2 Qb5 ({Resist} 25... Qxe5 26. Bh5 $18 (26. Qxa6 Rb7 $11) (26. Qxa6 Rb7 $11)) 26. Rd3 Qxe5 ({Worse is} 26... Bxe5 27. Bb3 $17) 27. Re1 {[%emt 0:01:17] Against Qe2+. White is weak on the dark squares} Qxg5 {[%emt 0:00:43] ( -> ...Qg4+)} 28. Bd5 Qh5+ 29. Bf3 Qc5 30. c3 Bxc3 {[%emt 0:00:45][%mdl 64] Discovered Attack. Black mates.} 31. Re2 Qg1+ 32. Kc2 Rxe2+ 33. Bxe2 Rb2+ {[%emt 0:00:03] Excellently played by Andreikin!   Weighted Error Value: White=0.82/Black=0.11 (very precise)} 0-1

[Event "ChessKid Cup Div-II 2023"]
[Site "Online"]
[Date "2023.05.24"]
[Round "52.2"]
[White "Mamedyarov, Shakhriyar"]
[Black "Eljanov, Pavel"]
[Result "1-0"]
[ECO "D37"]
[WhiteElo "2738"]
[BlackElo "2705"]
[Annotator "TA"]
[PlyCount "39"]
[EventDate "2023.05.21"]
[EventType "k.o."]
[EventCountry "NET"]
[SourceTitle "playchess.com"]
[Source "ChessBase"]
[SourceQuality "1"]
[TimeControl "900+3"]

1. d4 Nf6 2. c4 e6 3. Nf3 d5 4. Nc3 Be7 5. a3 O-O 6. Bf4 c5 7. dxc5 Bxc5 8. e3 Nc6 9. cxd5 Nxd5 10. Nxd5 exd5 11. Bd3 Be7 12. O-O Bf6 13. Rc1 Bg4 {[%emt 0:00:47] D37: Queen's Gambit Declined: 5 Bf4.} 14. b4 a6 15. h3 Bh5 (15... Be6 $14) 16. Rc5 $16 {[%emt 0:00:10][%cal Oc5d5] And now Rxd5! would win. White is more active.} Bxf3 17. Qxf3 d4 18. Rd5 {[%emt 0:01:33] [#]} Qb6 $146 {[%emt 0:01:24] [#]} (18... Qe8 {was worth a try.} 19. Bg3 Be5 20. Bxh7+ Kxh7) ({Predecessor:} 18... Qe8 19. Bd6 Ne7 20. Rh5 Ng6 21. Bxf8 Nxf8 22. exd4 Bxd4 23. Qxb7 Ra7 24. Qe4 Qxe4 25. Bxe4 {1-0 Alonso Garcia,R (2345)-Delgado Crespo,M (2275) Saiz Memorial 1998}) 19. Bd6 {[%emt 0:00:15] This pair of bishops is nice.} (19. Rd6 $142) 19... Ne7 $18 20. Rh5 {[%emt 0:01:59] Black did not feel at home in the position after the opening.   Weighted Error Value: White=0.31/Black=0.67} 1-0

[Event "ChessKid Cup Div-II 2023"]
[Site "Online"]
[Date "2023.05.24"]
[Round "52.2"]
[White "Andreikin, Dmitry"]
[Black "Alekseenko, Kirill"]
[Result "0-1"]
[ECO "E08"]
[WhiteElo "2729"]
[BlackElo "2686"]
[Annotator "TA"]
[PlyCount "142"]
[EventDate "2023.05.21"]
[EventType "k.o."]
[EventCountry "NET"]
[SourceTitle "playchess.com"]
[Source "ChessBase"]
[SourceQuality "1"]
[TimeControl "900+3"]

1. d4 Nf6 2. c4 e6 3. Nf3 d5 4. g3 Bb4+ 5. Bd2 Be7 6. Bg2 O-O 7. O-O Nbd7 8. Qc2 c6 9. Bf4 a5 10. Rd1 {[%emt 0:00:18] E08: Closed Catalan: Main Line: 7 Qc2.} h6 11. Nc3 Nh5 $5 {[%emt 0:00:14][%mdl 4] Exploring less charted territory.} 12. Bc1 {[%emt 0:00:17] White is slightly better.} f5 13. Ne5 Bd6 14. f4 {[%emt 0:01:20] [#]} Nhf6 $146 ({Predecessor:} 14... Qe8 15. e3 Nhf6 16. Bd2 Ne4 17. Nxe4 fxe4 18. a3 Nxe5 19. dxe5 Be7 20. b4 a4 {1-0 Fridman,D (2637)-Lazarev,V (2488) BEL-chT 0809 2008 (6.1)}) 15. b3 Ne4 16. a4 Nxe5 17. fxe5 {[%emt 0:00:21][%cal Rc3e4] Nxe4 would be deadly.} Bb4 18. Na2 Be7 19. Nc3 Bd7 20. Ba3 Bxa3 21. Rxa3 Qg5 {[%emt 0:00:25] ( -> ...Qe3+)} (21... Be8 {simplifies} 22. Nxe4 dxe4 23. Qc3 h5) 22. Qc1 {[%emt 0:00:05] Against Qe3+} Nxc3 23. Qxc3 f4 24. Raa1 Be8 25. Rf1 (25. Bh3 $5 ) 25... Bg6 26. Bh3 Rae8 27. Qd2 fxg3 (27... Qh5 {looks sharper.} 28. Bg2 fxg3 29. hxg3 Qg4) 28. Qxg5 gxh2+ 29. Kxh2 hxg5 30. cxd5 {[%emt 0:00:28] Hoping for Rxf8+.} exd5 31. Kg3 Bc2 32. Kg4 Rxf1 33. Rxf1 $11 {[%emt 0:00:00][%mdl 4096] Endgame KRB-KRB} Rf8 $1 {[%emt 0:00:04] And now ...Rxf1 would win.} 34. Rc1 {[%emt 0:00:31] [#]} (34. Rh1 $1 $11) 34... Bf5+ $1 $19 ({Resist} 34... Bxb3 35. Kxg5 Rf2 36. Rb1 Bxa4 37. Rxb7 Rxe2 38. e6 $11) 35. Kg3 Bxh3 36. Kxh3 {[%emt 0:00:00] KR-KR} Rf4 37. e3 (37. Rd1 {was worth a try.}) 37... Rf3+ 38. Kg4 Rxe3 {[%emt 0:00:00] ...Kf7 is the strong threat.} 39. Kxg5 (39. Rf1 $142) 39... Rxb3 $2 ({Black should play} 39... Kf7 $19 40. Rf1+ Ke6) 40. Rf1 $1 $11 Rd3 41. Rb1 $2 {[%emt 0:01:03][%mdl 8192] [#] Black keeps a firm grip on the game.} (41. e6 $11 Re3 42. Kf5) 41... Kf7 $1 $19 ({And not} 41... Rxd4 42. Rxb7 Rxa4 43. Rc7 $17) 42. Rxb7+ Ke6 43. Rb8 Rxd4 44. Re8+ Kf7 45. Rc8 Re4 46. Rxc6 Rxe5+ 47. Kf4 Re4+ 48. Kf5 Rxa4 49. Rc7+ (49. Rf6+ $142 Ke7 50. Ra6) 49... Kg8 50. Rd7 Rh4 51. Kg5 (51. Ra7 $142 a4 52. Ke6) 51... Rh6 52. Ra7 {[%emt 0:00:00] Dodges Ra6} d4 (52... Rd6 $142 53. Rxa5 d4 54. Ra8+ Kf7 55. Ra2 d3 56. Rd2 Ke6 57. Kg4 Ke5 58. Rd1 Ke4 59. Kh4 d2 60. Kh3 Kf3 61. Kh4 Ke2 62. Rg1 d1=Q 63. Rxd1 Kxd1 64. Kg3 Rf6 65. Kg4 Ke2 66. Kg3 Ke3 67. Kg4 Kf2 68. Kh5 Kf3 69. Kg5 Kg3 70. Kh5 Kf4 71. Kh4 Rh6#) 53. Rxa5 Rd6 54. Ra2 d3 55. Rd2 Kf7 56. Kf5 Rd5+ 57. Ke4 Ke6 58. Ke3 Ke5 59. Rg2 {[%emt 0:00:01] [#]} d2 $1 60. Rg5+ Ke6 61. Rxd5 Kxd5 62. Kxd2 {[%emt 0:00:00] KP-K} Ke4 63. Ke2 Kf4 64. Kf2 g5 65. Kf1 Kf3 66. Kg1 Kg3 67. Kh1 g4 68. Kg1 Kh3 69. Kh1 g3 70. Kg1 g2 71. Kf2 Kh2 {[%emt 0:00:00] Weighted Error Value: White=0.66/Black=0.17 (very precise)} 0-1

[Event "ChessKid Cup Div-II 2023"]
[Site "Online"]
[Date "2023.05.24"]
[Round "52.2"]
[White "Meier, Georg"]
[Black "Le, Quang Liem"]
[Result "0-1"]
[ECO "A49"]
[WhiteElo "2614"]
[BlackElo "2728"]
[Annotator "TA"]
[PlyCount "92"]
[EventDate "2023.05.21"]
[EventType "k.o."]
[EventCountry "NET"]
[SourceTitle "playchess.com"]
[Source "ChessBase"]
[SourceQuality "1"]
[TimeControl "900+3"]

1. Nf3 d5 2. g3 g6 3. Bg2 Bg7 4. d4 c6 5. O-O Nf6 6. b3 O-O 7. c4 dxc4 8. bxc4 c5 9. Bb2 cxd4 10. Nxd4 Qb6 11. Qc1 Bd7 {[%emt 0:00:16] A49: 1 d4 Nf6 2 Nf3 g6 3 g3: Anti-King's Indian systems.} 12. Nd2 Nc6 13. e3 {[%emt 0:00:02][%cal Be2e3,Be3d4,Bd4d5][%mdl 32] 13.Nc2 is the modern continuation.} Rac8 {[%emt 0:00:16] The position is equal.} 14. Rb1 Qa6 15. Bc3 {[%emt 0:00:01] [#]} b6 $146 ({Predecessor:} 15... Rfd8 16. Rb3 b6 17. Qb2 Nxd4 18. Bxd4 Bc6 19. Bxc6 Rxc6 {½-½ Banusz,T (2628)-Kantor,G (2530) HUN-ch rapid 2020 (11)}) 16. Rb3 Nxd4 (16... Qxa2 $2 17. Ra3 $18) (16... Rfd8 $11 {might be stronger.}) 17. exd4 $14 Bc6 (17... Qxa2 $2 18. Ra3 $18) 18. Ra3 Qb7 19. d5 $1 $36 {[%emt 0:00:01][%mdl 2048] Black is under strong pressure.} Bd7 20. Re1 Rfe8 21. Qb2 Qb8 22. Bf3 h5 23. Be5 Qb7 24. Rae3 Bh6 (24... Bh3 $14) 25. R3e2 $1 $16 {[%emt 0:00:01] d6 would be deadly.} Nh7 26. h4 Bg4 (26... Bf5 $16 {was necessary.}) 27. Bxg4 $18 hxg4 28. Re4 (28. Qb4 $18) 28... Qd7 $16 29. Nb3 (29. Qb4 $16) 29... b5 {[%emt 0:01:45] Black is weak on the dark squares} (29... f5 $5 30. Rd4 Nf8 $11) 30. cxb5 Qxb5 31. Rxg4 (31. Qe2 $5 Qxd5 32. Rxg4 $14 (32. Qxg4 Red8 $14)) 31... Qxd5 (31... Nf6 $11 32. Bxf6 {[%mdl 64] Remove Defender} exf6 33. Rxe8+ Rxe8) 32. h5 (32. Qe2 $14) 32... Ng5 $1 $11 {[%emt 0:00:17] Threatens to win with ...Nf3+.} 33. Nd4 f6 {[%emt 0:00:56] [#]} (33... gxh5 $11 {remains equal.} 34. Rh4 f6) 34. Qb1 $1 $16 f5 {[%emt 0:00:34] [#]} (34... fxe5 $2 35. Qxg6+ Bg7 36. Qxg5 $18) 35. f4 $2 Rb8 $1 $11 {[%emt 0:00:41][%mdl 64] Deflection. Some like it hot} (35... Nh3+ $2 36. Kh2 $18) 36. Bxb8 Qxd4+ (36... fxg4 $2 37. Qxg6+ (37. Bxa7 Nh3+ 38. Kh2 Qxh5 $14) 37... Bg7 38. Qxe8+ $18) 37. Kf1 Qc4+ 38. Re2 Qd5 39. Rh4 (39. Rxg5 $2 Qh1+ 40. Kf2 Qxb1 $19) (39. Kg1 {is more complex.} Qf3 40. Rxg5 Bxg5 41. Qb3+) 39... Nf3 40. Rh3 Nd2+ {[%emt 0:00:29] [#]} (40... g5 $5 41. g4 (41. Bxa7 g4 $17) 41... Nd2+ 42. Rxd2 Qxd2 $11) 41. Rxd2 $1 Qxd2 42. hxg6 Kg7 $2 (42... Qd5 $11) 43. Qb3 $2 (43. Bxa7 $2 Rc8 $19) (43. Be5+ {mates} Kxg6 44. g4 Rf8 45. gxf5+ Kf7 46. Qb3+ Ke8 47. Rxh6 Kd7 48. Qb5+ Kd8 49. Qb8+ {[%mdl 64] Skewer, Double Attack} Kd7 50. Qxf8) 43... Qc1+ 44. Ke2 {[%emt 0:00:04] Qf7+ would kill now.} e6 45. Qa4 $2 {[%emt 0:00:12][%mdl 8192] [#]} (45. Bxa7 $11 Kxg6 46. Kf2) 45... Rd8 $1 $19 {[%emt 0:00:03] ( -> ...Rd2+)} (45... Rxb8 {is a self mate.} 46. Qd7+ (46. Qxa7+ Kxg6 47. Qxb8 Qc2+ 48. Kf3 Qc3+ 49. Kg2 Qd2+ 50. Kh1 Qe1+ 51. Kh2 Qf2+ 52. Kh1 Qe1+ 53. Kh2 Qf2+ 54. Kh1 Qe1+ $11) 46... Kxg6 47. Qxe6+ Kg7 48. Qxh6+ (48. Rxh6 {leads to mate.} Rb2+ 49. Kf3 Qd1+ 50. Ke3 Qd2+ 51. Kf3 Qf2#) 48... Kf7 49. Qh7+ {[%mdl 64] Skewer, Double Attack} Ke6 50. Rh6+ (50. Qxa7 $2 Rb2+ 51. Kf3 Qc6+ 52. Ke3 Qe4#) 50... Kd5 51. Qd7+ Kc5 52. Qc7+ {[%mdl 64] Skewer, Double Attack} Kb5 53. Qxb8+) 46. Be5+ Kxg6 {[%emt 0:00:01] An entertaining game by Le.   Weighted Error Value: White=0.54/Black=0.37} 0-1